 Dungeon Crawl Stone Soup version 0.31-a0-640-g39d97e502b (webtiles) character file.

Game seed: 12303619385147749109

50 qw the Shooter (level 3, -2/22 HPs)
             Began as a Gargoyle Hunter on Aug 27, 2023.
             Slain by a goblin
             ... wielding a +0 club
             ... led by Robin
              (5 damage)
             ... on level 2 of the Dungeon.
             The game lasted 00:00:22 (996 turns).

qw the Shooter (Gargoyle Hunter)                     Turns: 996, Time: 00:00:23

Health: -2/22      AC:  8    Str: 14    XL:     3   Next: 79%
Magic:  3/3        EV: 10    Int:  9    God:
Gold:   65         SH:  0    Dex: 15    Spells: 2/2 levels left

rFire   . . .        Y - +0 shortbow
rCold   + . .        (shield currently unavailable)
rNeg    + . .        h - +0 ring mail
rPois   inf          (no helmet)
rElec   +            (no cloak)
rCorr   .            (no gloves)
SInv    .            (no boots)
Will    .....        (no amulet)
Stlth   +            g - ring of protection from cold
HPRegen 0.23/turn    (no ring)
MPRegen 0.08/turn

%: no passive effects
@: no status effects
A: sickness immunity, AC +3, negative energy resistance 1, electricity
resistance, torment resistance 1, petrification resistance
a: no special abilities


You were on level 2 of the Dungeon.
You visited 1 branch of the dungeon, and saw 2 of its levels.

You collected 65 gold pieces.


Innate Abilities, Weirdness & Mutations

You are immune to sickness and miasma.
Your stone body is resilient. (AC +3)
You are immune to poison.
You resist negative energy. (rN+)
You are resistant to electric shocks. (rElec)
You are resistant to unholy torment.
You are immune to petrification.


   Skills:
 + Level 2.3 Fighting
 - Level 5.1 Ranged Weapons
 - Level 1.2 Armour
 - Level 1.5 Dodging
 - Level 1.1 Stealth


You had 2 spell levels left.
You didn't know any spells.
Your spell library was empty.

Inventory:

Hand Weapons
 Y - a +0 shortbow (weapon)
Armour
 a - a +0 pair of boots
 h - a +0 ring mail (worn)
Jewellery
 g - a ring of protection from cold (left hand)
Scrolls
 d - a scroll of amnesia {unknown}
Potions
 b - a potion of ambrosia {unknown}
 c - a potion of curing {unknown}

Dungeon Overview and Level Annotations

Branches:
Dungeon (2/15)

Altars:

Annotations:
D:2 Robin


Message History

The adder closely misses you. The goblin closely misses you.
A goblin breaks down the door.
You shoot an arrow. The arrow misses the adder.
The adder bites you but does no damage. The goblin closely misses you.
The adder bites you but does no damage.
The goblin hits you but does no damage. x2
You shoot an arrow. The arrow hits the adder.
The adder is heavily wounded.
The adder bites you. The goblin misses you. The adder misses you.
You shoot an arrow. The arrow barely misses the adder.
The adder barely misses you. The goblin closely misses you.
The goblin hits you but does no damage.
The jackal bites you but does no damage.
You shoot an arrow. The arrow barely misses the adder.
The adder barely misses you.
The jackal bites you but does no damage.
The goblin hits you but does no damage. x2; The adder closely misses you.
The jackal bites you but does no damage.
You shoot an arrow. The arrow hits the adder.
The adder is heavily wounded.
The goblin hits you but does no damage. The adder closely misses you.
The goblin hits you but does no damage. The jackal barely misses you.
The goblin hits you but does no damage.
You shoot an arrow. The arrow barely misses the adder.
The goblin no longer looks unusually strong.
The adder bites you. The jackal bites you.
The goblin hits you with a +0 dagger. The adder bites you but does no damage.
The jackal completely misses you. The goblin hits you with a +0 club.
Robin roars a battlecry!
The goblin goes into a battle-frenzy!
The goblin barely misses you.
You shoot an arrow. The arrow closely misses the adder.
The jackal closely misses you. The adder closely misses you.
The goblin closely misses you. x2; The jackal closely misses you.
The adder bites you but does no damage.
You shoot an arrow.
The arrow hits the adder but does no damage.
The adder is heavily wounded.
The jackal barely misses you. The adder bites you but does no damage.
The goblin hits you with a +0 club.
You die...

###############
.........?....#
..............#
..............#
..............+
h......gh.....#
....).gSg####..#
.%....)#@####..#
......ghg....>.#
)......#.####..#
########.####..#
..............#
########......#
#......#
#......#
#......#


You could see Robin, an adder, 2 jackals and 4 goblins.

Vanquished Creatures
  2 adders (D:2)
  3 ball pythons (D:1)
  2 endoplasms
  2 giant cockroaches (D:1)
  7 goblins
  4 hobgoblins
  5 kobolds
  A quokka (D:1)
  2 bats (D:1)
  A rat (D:2)
29 creatures vanquished.

Notes
Turn   | Place    | Note
-------+----------+-------------------------------------------
     0 | D:1      | qw the Gargoyle Hunter began the quest for the Orb.
     0 | D:1      | Reached XP level 1. HP: 12/12 MP: 1/1
     0 | D:1      | 0 ||| qw: Version: 0.3-a-74-g0d5e918
     0 | D:1      | 0 ||| qw: Game counter: 62
     0 | D:1      | 0 ||| qw: Melee chars always use a shield: true
     0 | D:1      | 0 ||| qw: God list: Okawaru
     0 | D:1      | 0 ||| qw: Allow faded altars: false
     0 | D:1      | 0 ||| qw: Do Orc after clearing Dungeon:15 true
     0 | D:1      | 0 ||| qw: Do second Lair branch before Depths: true
     0 | D:1      | 0 ||| qw: Lair rune preference: random
     0 | D:1      | 0 ||| qw: Goals: Normal
     0 | D:1      | 0 ||| PLANNING D:1-11
    66 | D:1      | Found a faded altar of an unknown god.
   135 | D:1      | Reached XP level 2. HP: 17/17 MP: 2/2
   635 | D:1      | 635 ||| UPGRADING to +0 ring mail.
   645 | D:1      | 645 ||| DROPPING +0 leather armour.
   646 | D:1      | 646 ||| UPGRADING to ring of protection from cold.
   647 | D:1      | 647 ||| READING scroll labelled QUCZUFORRY.
   648 | D:1      | 648 ||| READING scroll labelled SOIMOIJ YPEDYORCHO.
   749 | D:1      | 749 ||| READING 3 scrolls labelled SAAZAD GOQUT.
   750 | D:1      | 750 ||| READING scroll labelled BUZ TIARIXZAW.
   751 | D:1      | 751 ||| READING scroll labelled EHIEFE SUOMO.
   752 | D:1      | 752 ||| DROPPING scroll of butterflies.
   753 | D:1      | 753 ||| DROPPING 2 scrolls of immolation.
   799 | D:2      | Reached skill level 1 in Armour
   799 | D:2      | Reached XP level 3. HP: 20/21 MP: 3/3
   977 | D:2      | Reached skill level 5 in Ranged Weapons
   982 | D:2      | Noticed Robin
   983 | D:2      | 983 ||| Stepping ~*~*~tactically~*~*~ (outnumbered).
   994 | D:2      | HP: 3/22 [goblin/+0 club[Robin] (3)]
   996 | D:2      | Slain by a goblin

Levels and vault maps discovered:
D:1:      kennysheep_arrival_forest, layout_basic,
          shapermc_ecumenical_altar_venn
D:2:      layout_basic, serial_shops, nicolae_shop_gaudy_bauble,
          minmay_tree_intersection, nicolae_shop_vocational, uniq_natasha,
          uniq_robin

Skill      XL: |  1  2  3 |
---------------+----------+-----
Armour         | 1 |  1.2
Ranged Weapons | 5 |  5.1
Fighting       | |  2.3
Dodging        | |  1.5
Stealth        | |  1.1

Action                     || total
---------------------------++-------
   Fire: Shortbow          ||    80
    Use: Scroll            ||     5
 Armour: Ring mail         ||    28
         Leather armour    ||     1
  Dodge: Dodged            ||    30

Table legend:
 A = Non-vault XP
 B = Vault XP
 C = Vault XP percentage of total XP
 D = Non-vault monster count
 E = Vault monster count
 F = Vault count percentage of total count
                 A         B        C        D         E       F
            +---------+---------+-------+---------+---------+-------
      Total |      63 |       9 |  12.5 |      24 |       5 |  17.2
            +---------+---------+-------+---------+---------+-------
        D:1 |      26 |       0 |   0.0 |      15 |       0 |   0.0
        D:2 |      37 |       9 |  19.6 |       9 |       5 |  35.7
            +---------+---------+-------+---------+---------+-------
